[Event "Titled Tuesday Blitz February 07 Early 2023"]
[White "sabkeIXO"]
[Black "lisjakzlatko1"]
[WhiteElo "2467"]
[BlackElo "2211"]
[Result "1-0"]
[Round "02"]
[TimeControl "180+2"]
[Date "2023.02.07"]
[WhiteClock "0:00:20"]
[BlackClock "0:00:01"]

1. e4 d5 2. exd5 Nf6 3. Nf3 Nxd5 4. d4 Bg4 5. Be2 e6 6. O-O Be7 7. h3 Bh5 8. c4 Nb6 9. Be3 O-O 10. Nbd2 Nc6 11. b3 Bf6 12. Ne4 Be7 13. Ng3 Bg6 14. Bd3 f5 15. Ne2 Kh8 16. Nf4 Bf7 17. Ne5 Nxe5 18. dxe5 Qe8 19. Ne2 g5 20. f4 Rg8 21. fxg5 Bxg5 22. Bxg5 Rxg5 23. Nf4 Nd7 24. Qe2 Qg8 25. b4 Qg7 26. Rae1 Rg8 27. Kh1 Qh6 28. Rf2 Nf8 29. c5 Rg3 30. Bc4 Ng6 31. Nxg6+ R8xg6 32. Rf3 Rxg2 33. Qxg2 Rxg2 34. Kxg2 Bh5 35. Rd3 Qg5+ 36. Kf2 f4 37. Rd8+ Kg7 38. Rd7+ Kh6 39. Rg1 Qxe5 40. Rgg7 Qe3+ 41. Kf1 Bg6 42. Be2 f3 43. Bxf3 Qxf3+ 44. Ke1 1-0


[Site "https://www.chess.com"]

[Event "Titled Tuesday Blitz February 07 Early 2023"]
[White "Dzhaparov, Medet"]
[Black "Wahedi, Ahmad Siar"]
[WhiteFideId "13803689"]
[BlackFideId "4651260"]
[WhiteElo "1578"]
[BlackElo "2274"]
[Result "1-0"]
[Round "02"]
[TimeControl "180+2"]
[Date "2023.02.07"]
[WhiteClock "0:00:11"]
[BlackClock "0:00:35"]

1. e4 e6 2. d4 d5 3. exd5 exd5 4. Nf3 Nf6 5. Bd3 Be7 6. O-O O-O 7. Nc3 Bg4 8. h3 Bh5 9. Be2 Re8 10. Ne5 Bxe2 11. Nxe2 Nbd7 12. Bf4 Ne4 13. Ng3 Nd6 14. Re1 Nf8 15. c3 Ne6 16. Nd3 Nxf4 17. Nxf4 c6 18. Nd3 g6 19. Ne5 Bf6 20. Ng4 Bg7 21. Qd2 Nc4 22. Qc2 Qa5 23. b3 Nd6 24. a4 c5 25. Red1 Rac8 26. dxc5 Qxc5 27. Rac1 h5 28. Ne3 Rxe3 29. fxe3 Qxe3+ 30. Qf2 Qe5 31. Re1 Ne4 32. Nxe4 dxe4 33. Qe3 f5 34. c4 b6 35. Rcd1 h4 36. Qd2 Qg3 37. Qd5+ Kh7 38. Rf1 Qxb3 39. Qd7 Rxc4 40. Qxa7 Rxa4 41. Qe7 Qe3+ 42. Kh1 Qg3 43. Rd7 Kh6 44. Qxg7+ Kg5 45. Qe7+ Kh5 46. Qh7+ Kg5 47. Rg7 Qd6 48. Rf7 Ra2 49. R7xf5+ gxf5 50. Rxf5# 1-0


[Site "https://www.chess.com"]

[Event "Titled Tuesday Blitz February 07 Early 2023"]
[White "Hertlein, Irena"]
[Black "Iljin, Timofey"]
[WhiteFideId "21817618"]
[BlackFideId "14110180"]
[WhiteElo "1994"]
[BlackElo "2329"]
[Result "0-1"]
[Round "02"]
[TimeControl "180+2"]
[Date "2023.02.07"]
[WhiteClock "0:00:15"]
[BlackClock "0:00:31"]

1. Nf3 d5 2. e3 c5 3. c4 Nf6 4. cxd5 Nxd5 5. Nc3 Nc6 6. Bb5 g6 7. Ne5 Qd6 8. f4 Bg7 9. Nxd5 Qxd5 10. Bc4 Qxg2 11. Bxf7+ Kf8 12. Rf1 Bh3 13. Bc4 Qxh2 14. Nxc6 Bxf1 15. Bxf1 Qg3+ 16. Ke2 bxc6 17. d4 cxd4 18. exd4 Rd8 19. Be3 Qg4+ 20. Ke1 Qh4+ 21. Bf2 Qxf4 22. Bc4 Bxd4 23. Bxd4 Rxd4 0-1


[Site "https://www.chess.com"]

[Event "Titled Tuesday Blitz February 07 Early 2023"]
[White "Sailer, Mike"]
[Black "Urbina Perez, Juan Antonio"]
[WhiteFideId "2012901"]
[BlackFideId "2217368"]
[WhiteElo "2109"]
[BlackElo "2266"]
[Result "1-0"]
[Round "02"]
[TimeControl "180+2"]
[Date "2023.02.07"]
[WhiteClock "0:00:43"]
[BlackClock "0:02:01"]

1. Nf3 d5 2. c4 c6 3. g3 Nf6 4. Bg2 dxc4 5. O-O Nbd7 6. Qc2 Nb6 7. a4 a5 8. Na3 Be6 9. Ng5 Bd5 10. e4 h6 11. exd5 hxg5 12. dxc6 Rb8 13. cxb7 e6 14. Bc6+ Nfd7 15. Nxc4 Nxc4 16. Qxc4 Be7 17. Qb5 Bd6 18. d4 f6 19. Bd2 Ke7 20. Bxa5 Bc7 21. Bxc7 Qxc7 22. a5 Rbd8 23. a6 Nb8 24. d5 exd5 25. Rfe1+ Kf7 26. Bxd5+ Kg6 27. a7 Rxh2 28. Kxh2 Rh8+ 29. Kg2 Qd7 30. Qxd7 Nxd7 31. a8=Q 1-0


[Site "https://www.chess.com"]

[Event "Titled Tuesday Blitz February 07 Early 2023"]
[White "Yeritsyan, Hayk"]
[Black "ritanovikova"]
[WhiteFideId "13307320"]
[WhiteElo "2241"]
[BlackElo "2202"]
[Result "1-0"]
[Round "02"]
[TimeControl "180+2"]
[Date "2023.02.07"]
[WhiteClock "0:01:32"]
[BlackClock "0:01:10"]

1. e4 d5 2. exd5 Qxd5 3. Nc3 Qd6 4. Bc4 Nf6 5. d4 Bf5 6. Nf3 c6 7. Ne5 Nbd7 8. Nxf7 Qb4 9. Bb3 Rg8 10. O-O h6 11. Re1 e6 12. Ne5 O-O-O 13. a3 Qb6 14. Nc4 Qc7 15. Qf3 g5 16. Ne3 g4 17. Qe2 Bd6 18. Nxf5 Bxh2+ 19. Kf1 exf5 20. Bxg8 Rxg8 21. Qe6 f4 22. Ne4 Nxe4 23. Qxg8+ Qd8 24. Qxd8+ Kxd8 25. Rxe4 Nf6 26. Rxf4 Bxf4 27. Bxf4 1-0


[Site "https://www.chess.com"]

[Event "Titled Tuesday Blitz February 07 Early 2023"]
[White "Gharamian, Tigran"]
[Black "Andrews, Todd"]
[WhiteFideId "13301527"]
[BlackFideId "2012456"]
[WhiteElo "2601"]
[BlackElo "2220"]
[Result "1-0"]
[Round "02"]
[TimeControl "180+2"]
[Date "2023.02.07"]
[WhiteClock "0:00:55"]
[BlackClock "0:01:39"]

1. d4 Nf6 2. c4 c5 3. d5 b5 4. Nf3 e6 5. Bg5 Bb7 6. e4 bxc4 7. Bxc4 exd5 8. e5 dxc4 9. exf6 gxf6 10. Be3 d5 11. O-O Bd6 12. Bh6 Nd7 13. Nc3 d4 14. Re1+ Ne5 15. Ne4 Rg8 16. Qa4+ Bc6 17. Qxc6+ Ke7 18. Nxe5 fxe5 19. Bg5+ Rxg5 20. Nxg5 Rb8 21. Qd5 Qg8 22. Ne4 Rb6 23. Nxd6 Rxd6 24. Rxe5+ Kd7 25. Qb7+ Kd8 26. Qb8+ Kd7 27. Qxg8 1-0


[Site "https://www.chess.com"]

[Event "Titled Tuesday Blitz February 07 Early 2023"]
[White "Jimenez Almeida, Luis David"]
[Black "Magallanes, Rey Jomar"]
[WhiteFideId "22242244"]
[BlackFideId "5205948"]
[WhiteElo "2242"]
[BlackElo "2052"]
[Result "0-1"]
[Round "02"]
[TimeControl "180+2"]
[Date "2023.02.07"]
[WhiteClock "0:00:20"]
[BlackClock "0:00:02"]

1. e4 c5 2. Nc3 Nc6 3. g3 g6 4. Bg2 Bg7 5. d3 e5 6. Be3 d6 7. Qd2 Be6 8. Nd5 h5 9. h3 Qd7 10. c3 O-O-O 11. Ne2 Rf8 12. b4 cxb4 13. Nxb4 Nxb4 14. cxb4 Kb8 15. Nc3 Ne7 16. a4 d5 17. Bc5 dxe4 18. Nxe4 Rd8 19. O-O Nc8 20. b5 Bxh3 21. a5 Bxg2 22. Kxg2 Qxd3 23. Qb4 Rd4 24. Bxd4 Qxe4+ 25. f3 Qxd4 26. Qb3 h4 27. Rad1 Qc5 28. a6 hxg3 29. Kxg3 e4 30. Qxf7 Qg5+ 31. Kf2 Rh2+ 32. Ke1 Qe3# 0-1


[Site "https://www.chess.com"]

[Event "Titled Tuesday Blitz February 07 Early 2023"]
[White "Kuchava, Ana"]
[Black "Antonios, Johnny"]
[WhiteFideId "13605348"]
[BlackFideId "5300843"]
[WhiteElo "2101"]
[BlackElo "2269"]
[Result "0-1"]
[Round "02"]
[TimeControl "180+2"]
[Date "2023.02.07"]
[WhiteClock "0:01:01"]
[BlackClock "0:01:58"]

1. d4 Nf6 2. Nf3 e6 3. c4 b6 4. a3 Bb7 5. Nc3 d5 6. cxd5 Nxd5 7. e3 Be7 8. Bd3 Nxc3 9. bxc3 Nd7 10. O-O c5 11. Qe2 O-O 12. Bb2 Rc8 13. Rad1 Qc7 14. e4 Qf4 15. Qe3 Qg4 16. h3 Qh5 17. Rfe1 Rfe8 18. Bb5 cxd4 19. cxd4 Qxb5 20. Qe2 Qxe2 21. Rxe2 Nf6 22. e5 Bxf3 23. gxf3 Nd5 0-1


[Site "https://www.chess.com"]

[Event "Titled Tuesday Blitz February 07 Early 2023"]
[White "Nur-Mukhametova, Alisa"]
[Black "Ricaurte Lopez, Juan Carlos"]
[WhiteFideId "54117739"]
[BlackFideId "3600327"]
[WhiteElo "2170"]
[BlackElo "2226"]
[Result "1-0"]
[Round "02"]
[TimeControl "180+2"]
[Date "2023.02.07"]
[WhiteClock "0:00:25"]
[BlackClock "0:00:01"]

1. d4 d5 2. c4 e6 3. Nc3 c6 4. e3 f5 5. Nf3 Nf6 6. Be2 Nbd7 7. Qc2 Ne4 8. O-O Bd6 9. b3 O-O 10. Bb2 Kh8 11. Ne1 Qh4 12. f4 Ndf6 13. Nf3 Qh6 14. Ne5 Bd7 15. Nxe4 fxe4 16. g4 Be8 17. g5 Qh3 18. gxf6 Qxe3+ 19. Kh1 gxf6 20. Ng4 Qh3 21. Qc3 Qxc3 22. Bxc3 Bh5 23. Rae1 Rf7 24. Ne5 fxe5 25. Bxh5 Rxf4 26. dxe5 Rxf1+ 27. Rxf1 1-0


[Site "https://www.chess.com"]

[Event "Titled Tuesday Blitz February 07 Early 2023"]
[White "Turzo, Attila"]
[Black "Tobares, Leandro"]
[WhiteFideId "704954"]
[BlackFideId "106402"]
[WhiteElo "2279"]
[BlackElo "2189"]
[Result "0-1"]
[Round "02"]
[TimeControl "180+2"]
[Date "2023.02.07"]
[WhiteClock "0:00:14"]
[BlackClock "0:00:26"]

1. d4 Nf6 2. c4 e6 3. Nf3 Bb4+ 4. Bd2 Qe7 5. e3 O-O 6. Bd3 Nc6 7. Nc3 d6 8. O-O Bxc3 9. Bxc3 e5 10. d5 Nb8 11. e4 Bg4 12. h3 Bh5 13. g4 Bg6 14. Nd2 h5 15. Kg2 Nbd7 16. b4 a5 17. a3 Rfb8 18. Qe2 axb4 19. axb4 hxg4 20. hxg4 Nf8 21. f3 N8h7 22. Qe3 Nd7 23. Nb3 b6 24. Nd2 Qg5 25. Qxg5 Nxg5 26. Bc2 f6 27. Ba4 Nf8 28. Bc6 Rxa1 29. Rxa1 Be8 30. Bxe8 Rxe8 31. Ra7 Re7 32. c5 bxc5 33. bxc5 dxc5 34. Nb3 Ng6 35. Nxc5 Nh4+ 36. Kf2 Nhxf3 37. Ke3 Nh2 38. Na6 Nxg4+ 39. Kd3 Nf2+ 40. Ke3 Nfxe4 41. Bb4 Rd7 42. Nxc7 f5 43. Nb5 f4+ 44. Ke2 Rxd5 45. Ra8+ Kh7 46. Ra1 Ng3+ 47. Kf2 Rxb5 0-1


[Site "https://www.chess.com"]

[Event "Titled Tuesday Blitz February 07 Early 2023"]
[White "Bongo Akanga Ndjila, Barthelemy"]
[Black "Hajiyev, Kanan"]
[WhiteFideId "10609431"]
[BlackFideId "13404148"]
[WhiteElo "1824"]
[BlackElo "2197"]
[Result "1-0"]
[Round "02"]
[TimeControl "180+2"]
[Date "2023.02.07"]
[WhiteClock "0:00:38"]
[BlackClock "0:00:26"]

1. d4 f5 2. Qd3 e6 3. g4 fxg4 4. h3 g3 5. Qxg3 Nf6 6. Nf3 Nc6 7. Nc3 d5 8. Bg5 Bd6 9. Qh4 Bd7 10. O-O-O Qe7 11. e4 dxe4 12. Nxe4 O-O 13. Bc4 Qf7 14. Nxf6+ gxf6 15. Bh6 Kh8 16. d5 Ne5 17. Nxe5 Bxe5 18. Bxf8 Rxf8 19. f4 Bd6 20. dxe6 Bxe6 21. Bd3 Bxa2 22. Rde1 Rg8 23. Rhg1 Rxg1 24. Rxg1 Bc5 25. Re1 f5 26. Re5 Be6 27. Rxc5 Kg7 28. Qg5+ Kf8 29. Bxf5 b6 30. Re5 Bd7 31. Bxd7 Qxd7 32. Qf5+ 1-0


[Site "https://www.chess.com"]

[Event "Titled Tuesday Blitz February 07 Early 2023"]
[White "Manukian, Artak"]
[Black "Winkels, Marcel"]
[WhiteFideId "13301373"]
[BlackFideId "1003887"]
[WhiteElo "2196"]
[BlackElo "1960"]
[Result "1-0"]
[Round "02"]
[TimeControl "180+2"]
[Date "2023.02.07"]
[WhiteClock "0:00:25"]
[BlackClock "0:00:03"]

1. e4 c5 2. Nf3 e6 3. c3 d5 4. e5 d4 5. cxd4 cxd4 6. Bb5+ Nc6 7. Bxc6+ bxc6 8. Qa4 Bb7 9. Nxd4 Qd5 10. O-O Ne7 11. Nb3 Qxe5 12. d4 Qc7 13. Na5 Nd5 14. Nc3 Nxc3 15. bxc3 Be7 16. Rb1 O-O 17. Rxb7 Qd6 18. Nc4 Qd8 19. Ne5 Bf6 20. Qxc6 Rc8 21. Qd7 Bxe5 22. dxe5 Rxc3 23. Qxd8 Rxd8 24. Rxa7 h6 25. Be3 Rd5 26. h3 Rc2 27. Bf4 g5 28. Bg3 Rd3 29. Ra1 h5 30. h4 g4 31. a4 Rcd2 32. a5 Rd1+ 33. Rxd1 Rxd1+ 34. Kh2 Ra1 35. Bf4 Kg7 36. Bd2 Kg6 37. Rd7 Ra2 38. Kg3 Kf5 39. Rxf7+ Kxe5 40. Rd7 Ra3+ 41. f3 gxf3 42. gxf3 Ra2 43. Bc3+ Kf5 44. Rh7 Kg6 45. Rc7 Kf5 46. Rc5+ Kg6 47. Rg5+ Kf7 48. Rxh5 Ra3 49. Rc5 Ke7 50. Bb4 Ra4 51. Rb5+ Kf6 52. Bc3+ Ke7 53. h5 Kf7 54. Rb7+ Kg8 55. h6 Rc4 56. h7+ 1-0


[Site "https://www.chess.com"]

[Event "Titled Tuesday Blitz February 07 Early 2023"]
[White "Kiseleva, Arina"]
[Black "Guliev, Logman"]
[WhiteFideId "4164989"]
[BlackFideId "13400061"]
[WhiteElo "1962"]
[BlackElo "2250"]
[Result "0-1"]
[Round "02"]
[TimeControl "180+2"]
[Date "2023.02.07"]
[WhiteClock "0:00:01"]
[BlackClock "0:01:00"]

1. d4 Nf6 2. Nf3 g6 3. c4 Bg7 4. Nc3 d6 5. e4 O-O 6. h3 e5 7. d5 a5 8. Bd3 Na6 9. Be3 Nh5 10. Qd2 Nc5 11. Bc2 Bd7 12. g4 Nf4 13. O-O-O a4 14. Rdg1 a3 15. b3 c6 16. h4 Qa5 17. h5 b5 18. dxc6 Bxc6 19. cxb5 Bxb5 20. Nxb5 Qxb5 21. Kb1 Rfd8 22. hxg6 hxg6 23. Ng5 d5 24. Bxf4 dxe4 25. Qe3 exf4 26. Qxf4 Ra7 27. Rd1 Nd3 28. Qh2 Qxg5 29. Qh7+ Kf8 30. Bxd3 exd3 31. Rhe1 Qf6 0-1


[Site "https://www.chess.com"]

[Event "Titled Tuesday Blitz February 07 Early 2023"]
[White "Sai Han Thiha"]
[Black "Sabar, Ethmane Daouda"]
[WhiteFideId "13012290"]
[BlackFideId "19600097"]
[WhiteElo "2070"]
[BlackElo "2040"]
[Result "1-0"]
[Round "02"]
[TimeControl "180+2"]
[Date "2023.02.07"]
[WhiteClock "0:01:25"]
[BlackClock "0:02:24"]

1. d4 d5 2. c4 e5 3. dxe5 d4 4. Nf3 Bg4 5. Qxd4 Bxf3 6. Qxd8+ Kxd8 7. gxf3 Nc6 8. f4 f6 9. exf6 Nxf6 10. e3 Bb4+ 11. Nd2 Ke7 12. a3 Bxd2+ 13. Bxd2 Rhd8 14. Bg2 Na5 15. Bxa5 1-0


[Site "https://www.chess.com"]

[Event "Titled Tuesday Blitz February 07 Early 2023"]
[White "Gjestemoen-VonHirsch, Andre"]
[Black "Larina, Maria"]
[WhiteFideId "1539531"]
[BlackFideId "24113182"]
[WhiteElo "2314"]
[BlackElo "1948"]
[Result "1-0"]
[Round "02"]
[TimeControl "180+2"]
[Date "2023.02.07"]
[WhiteClock "0:01:08"]
[BlackClock "0:00:17"]

1. d4 f5 2. Nc3 Nf6 3. Bg5 d5 4. Bxf6 exf6 5. e3 Be6 6. Qf3 Qd7 7. Bd3 Nc6 8. Nge2 O-O-O 9. a3 g6 10. h4 h5 11. Nf4 Bf7 12. O-O-O Kb8 13. Kb1 Ne7 14. Bb5 c6 15. Ba4 Nc8 16. Bb3 Nd6 17. Nd3 Ne4 18. Nxe4 dxe4 19. Qg3+ Bd6 20. Ne5 fxe5 21. dxe5 Bxb3 22. Rxd6 Bxc2+ 23. Kxc2 Qe7 24. Rhd1 Ka8 25. Qxg6 Qxh4 26. Rxd8+ Rxd8 27. Qxf5 Rxd1 28. Qc8# 1-0


[Site "https://www.chess.com"]

[Event "Titled Tuesday Blitz February 07 Early 2023"]
[White "Cramling Bellon, Anna"]
[Black "The_Sherman_Variation"]
[WhiteFideId "32009232"]
[WhiteElo "2043"]
[BlackElo "2461"]
[Result "0-1"]
[Round "02"]
[TimeControl "180+2"]
[Date "2023.02.07"]
[WhiteClock "0:00:01"]
[BlackClock "0:00:43"]

1. d4 Nf6 2. c4 c5 3. d5 b5 4. cxb5 e6 5. Nc3 exd5 6. Nxd5 Bb7 7. Nc3 d5 8. e3 d4 9. Nce2 d3 10. Nf4 c4 11. Nf3 Ne4 12. Bd2 Bd6 13. Rc1 Qb6 14. Rxc4 Bxf4 15. Rxe4+ Bxe4 16. exf4 O-O 17. Qa4 Re8 18. Ne5 Bg6 19. Be3 Qc7 20. Bxd3 Rxe5 21. Bxg6 Rxe3+ 22. fxe3 hxg6 23. O-O Nd7 24. Rd1 Nb6 25. Qb4 Re8 26. e4 Nc4 27. b3 Ne3 28. Re1 Qb6 29. Kh1 Ng4 30. Qd2 Nf2+ 31. Kg1 Nxe4+ 32. Qe3 Nd6 0-1


[Site "https://www.chess.com"]

[Event "Titled Tuesday Blitz February 07 Early 2023"]
[White "Delorme, Alban"]
[Black "Przybylski, Wojciech"]
[WhiteFideId "623636"]
[BlackFideId "1117599"]
[WhiteElo "2298"]
[BlackElo "2321"]
[Result "0-1"]
[Round "02"]
[TimeControl "180+2"]
[Date "2023.02.07"]
[WhiteClock "0:00:05"]
[BlackClock "0:00:06"]

1. e4 c5 2. Nf3 e6 3. c3 d5 4. exd5 Qxd5 5. d4 Nc6 6. Be2 Nf6 7. O-O Be7 8. Na3 O-O 9. Nb5 Qd8 10. dxc5 Bxc5 11. Bg5 Be7 12. Qc2 a6 13. Rad1 Qb6 14. Nd6 Qc7 15. Ne4 Nxe4 16. Qxe4 f5 17. Qh4 h6 18. Bxe7 Nxe7 19. Rfe1 Ng6 20. Qh5 Nf4 21. Qh4 Rf6 22. Nd4 g5 23. Qg3 Nxe2+ 24. Rxe2 Qxg3 25. hxg3 Kf7 26. Nf3 Ke7 27. Ne5 f4 28. gxf4 Rxf4 29. g3 Rf6 30. Red2 Rf5 31. Nc4 b5 32. Nd6 Re5 33. c4 bxc4 34. Nxc4 Rc5 35. Ne3 Rb8 36. b3 Rb6 37. Rd8 Rbc6 38. Rh8 Rc3 39. Rxh6 g4 40. Nxg4 Rc1 41. Rxc1 Rxc1+ 42. Kg2 Bb7+ 43. f3 Rc2+ 44. Nf2 Kd6 45. Rh7 Bd5 46. Ra7 Rc3 47. Rxa6+ Ke5 48. Ra4 Kd6 49. Rf4 Ke5 50. g4 Rc2 51. Kg3 Rxf2 52. Kxf2 Kxf4 53. b4 Bxf3 54. b5 Bd5 55. a4 Kxg4 56. b6 Bb7 57. a5 Kf4 58. Ke2 Ke4 59. Kd2 Kd4 60. Ke2 Ba6+ 61. Kd2 e5 62. Kc2 e4 63. Kd2 e3+ 64. Kc2 Ke4 65. Kd1 Kf3 66. Ke1 Bb7 67. Kf1 e2+ 68. Ke1 Ba6 69. Kd2 Kf2 0-1


[Site "https://www.chess.com"]

[Event "Titled Tuesday Blitz February 07 Early 2023"]
[White "Nguyen, Hong Anh"]
[Black "Burke, John F"]
[WhiteFideId "12406732"]
[BlackFideId "2052970"]
[WhiteElo "1970"]
[BlackElo "2013"]
[Result "1/2-1/2"]
[Round "02"]
[TimeControl "180+2"]
[Date "2023.02.07"]
[WhiteClock "0:00:21"]
[BlackClock "0:00:46"]

1. d4 c5 2. d5 d6 3. c4 e5 4. dxe6 Bxe6 5. e3 Nc6 6. Nf3 Be7 7. Be2 h6 8. O-O Nf6 9. Nc3 O-O 10. b3 a6 11. Bb2 Qc7 12. Nd5 Bxd5 13. cxd5 Nb8 14. Rc1 Nbd7 15. b4 Rfe8 16. bxc5 Nxc5 17. Nd4 Nxd5 18. Nf5 Nf6 19. Qd4 Qd7 20. Bg4 Ne6 21. Qb4 d5 22. Nxe7+ Qxe7 23. Qxe7 Rxe7 24. Bxe6 fxe6 25. Rfd1 Rf8 26. Ba3 Ref7 27. Bxf8 Rxf8 28. f3 Rf7 29. Rd4 g5 30. Kf2 Kg7 31. Kg3 Kg6 32. h4 e5 33. Rd2 g4 34. Rc5 e4 35. f4 Rd7 36. Kf2 Kf5 37. g3 h5 38. Rb2 Rd6 39. Rxb7 Ke6 40. Rc8 d4 41. exd4 Rxd4 42. Ke3 Rd6 43. Rbc7 Nd5+ 44. Kxe4 Nxc7 45. Rxc7 Rb6 46. Rh7 Rb4+ 47. Ke3 Ra4 48. Rxh5 Rxa2 49. f5+ Kf6 50. Kf4 Ra4+ 51. Ke3 a5 52. Rg5 Ra3+ 53. Kf4 Ra4+ 54. Ke3 Ra3+ 55. Kd4 Rxg3 56. Rg8 Rh3 57. Rxg4 Kxf5 58. Rg5+ Kf4 59. Rxa5 Rxh4 60. Re5 Kf3+ 61. Kd5 Rf4 62. Re6 Rf5+ 63. Re5 Rxe5+ 64. Kxe5 1/2-1/2


[Site "https://www.chess.com"]

[Event "Titled Tuesday Blitz February 07 Early 2023"]
[White "Valle Maytin, Luis Enrique"]
[Black "Levine, David"]
[WhiteFideId "3503666"]
[BlackFideId "2011611"]
[WhiteElo "2241"]
[BlackElo "2040"]
[Result "1-0"]
[Round "02"]
[TimeControl "180+2"]
[Date "2023.02.07"]
[WhiteClock "0:00:12"]
[BlackClock "0:00:01"]

1. e4 e5 2. Nf3 Nc6 3. Bb5 a6 4. Ba4 Nf6 5. O-O Be7 6. c3 Nxe4 7. d4 exd4 8. cxd4 O-O 9. Re1 d5 10. Nc3 f5 11. Nxd5 Kh8 12. Bxc6 bxc6 13. Nxe7 Qxe7 14. Bf4 Rb8 15. Qc2 Qb4 16. b3 a5 17. Bxc7 Rb7 18. Be5 Bd7 19. h3 Ra8 20. Rab1 Kg8 21. Rec1 h6 22. Qc4+ Qxc4 23. bxc4 Rb4 24. a3 Rxb1 25. Rxb1 Be6 26. Rb7 g5 27. c5 f4 28. Rb6 Bd5 29. Nh2 h5 30. Nf3 Ra7 31. h4 g4 32. Ng5 Nxg5 33. hxg5 Kf7 34. Bxf4 Re7 35. Be5 Kg6 36. Ra6 Kxg5 37. Rxa5 h4 38. Ra6 h3 39. gxh3 gxh3 40. Ra8 Rh7 41. Kh2 Kf5 42. Rf8+ 1-0


[Site "https://www.chess.com"]

[Event "Titled Tuesday Blitz February 07 Early 2023"]
[White "Fabris, Alberto"]
[Black "Bilan, Danila"]
[WhiteFideId "801348"]
[BlackFideId "24161918"]
[WhiteElo "2230"]
[BlackElo "2303"]
[Result "1/2-1/2"]
[Round "02"]
[TimeControl "180+2"]
[Date "2023.02.07"]
[WhiteClock "0:00:51"]
[BlackClock "0:00:15"]

1. e4 c6 2. d4 d5 3. e5 c5 4. dxc5 Nc6 5. Bf4 e6 6. Nf3 Bxc5 7. c3 Nge7 8. Bd3 Ng6 9. Bg3 Qc7 10. Qe2 Bd7 11. Nbd2 a6 12. O-O Na7 13. b4 Be7 14. Rac1 Bb5 15. c4 dxc4 16. Nxc4 Bxc4 17. Bxc4 Qb6 18. a3 O-O 19. Rfd1 Rfd8 20. h4 Rxd1+ 21. Rxd1 Rd8 22. Rxd8+ Qxd8 23. h5 Nf8 24. Qd3 Qxd3 25. Bxd3 Nc6 26. Be4 Nd7 27. Kf1 Nb6 28. Bd3 Nd5 29. Ke2 h6 30. Bc4 Nb6 31. Bb3 Kf8 32. Kd3 Ke8 33. Nd4 Kd7 34. f4 Nxd4 35. Kxd4 Na8 36. Be1 Nc7 37. Bc4 b5 38. Bb3 Bd8 39. Ke4 Na8 40. Bf2 Bb6 41. Bxb6 Nxb6 42. Kd4 Nc8 43. g4 Ne7 44. Ke4 Kc7 45. f5 Kd7 46. Ba2 Nc6 47. Bb3 Ne7 48. Ba2 Nc6 49. Bb3 Ne7 1/2-1/2


[Site "https://www.chess.com"]

[Event "Titled Tuesday Blitz February 07 Early 2023"]
[White "Osiecki, Stanislaw"]
[Black "Maung, Maung Kyaw Zaw Hein"]
[WhiteFideId "1102990"]
[BlackFideId "13001698"]
[WhiteElo "2055"]
[BlackElo "2119"]
[Result "1-0"]
[Round "02"]
[TimeControl "180+2"]
[Date "2023.02.07"]
[WhiteClock "0:01:43"]
[BlackClock "0:01:04"]

1. e4 c6 2. d4 d5 3. e5 c5 4. c3 Nc6 5. h3 cxd4 6. cxd4 Bf5 7. Bd3 Bxd3 8. Qxd3 e6 9. Ne2 Nge7 10. O-O h5 11. Rd1 h4 12. Nbc3 Nf5 13. Be3 Be7 14. Nf4 O-O 15. Nfxd5 Nxe3 16. Nxe3 Qd7 17. Qe4 Rfd8 18. d5 exd5 19. Nexd5 Qc8 20. Nxe7+ Nxe7 21. Qxh4 Ng6 22. Qe4 a6 23. f4 b5 24. Rxd8+ Qxd8 25. Rd1 Qb6+ 26. Qd4 Qe6 27. Kh2 Qf5 28. Rf1 b4 29. Qe4 Qh5 30. Qxa8+ 1-0


[Site "https://www.chess.com"]

[Event "Titled Tuesday Blitz February 07 Early 2023"]
[White "Bozorov, Makhsum"]
[Black "Baruch, Liam"]
[WhiteFideId "14201330"]
[BlackFideId "14322064"]
[WhiteElo "2145"]
[BlackElo "1718"]
[Result "1-0"]
[Round "02"]
[TimeControl "180+2"]
[Date "2023.02.07"]
[WhiteClock "0:01:11"]
[BlackClock "0:00:12"]

1. d4 d5 2. Nf3 Nf6 3. g3 e6 4. Bg2 Be7 5. O-O O-O 6. c4 dxc4 7. Qc2 a6 8. a4 Bd7 9. Qxc4 Bc6 10. Bg5 Bd5 11. Qc2 Nc6 12. e3 Nb4 13. Qe2 Be4 14. Rc1 Bd3 15. Qd2 Ne4 16. Bxe7 Qxe7 17. Qd1 a5 18. Ne5 f6 19. Nxd3 Nxd3 20. Qxd3 Nd6 21. Nc3 Rac8 22. Nb5 Nxb5 23. Qxb5 b6 24. Rc6 Rcd8 25. Qc4 Rd6 26. Rxc7 Rd7 27. Rxd7 Qxd7 28. Rc1 Rd8 29. b3 Kf8 30. h4 e5 31. dxe5 fxe5 32. Qe4 Qf7 33. Qxh7 Qf6 34. Rc7 Rd2 35. Kh2 Rxf2 36. Qh8# 1-0


[Site "https://www.chess.com"]

[Event "Titled Tuesday Blitz February 07 Early 2023"]
[White "Shubenkova, Veronika"]
[Black "Necula, Iulian"]
[WhiteFideId "44124040"]
[BlackFideId "1232380"]
[WhiteElo "1960"]
[BlackElo "1851"]
[Result "1-0"]
[Round "02"]
[TimeControl "180+2"]
[Date "2023.02.07"]
[WhiteClock "0:02:08"]
[BlackClock "0:00:39"]

1. e4 c5 2. Nc3 g6 3. g3 Bg7 4. Bg2 d6 5. f4 Nc6 6. d3 e6 7. Nf3 Nge7 8. Be3 O-O 9. Rb1 a5 10. O-O Rb8 11. Ne2 b5 12. g4 f5 13. gxf5 exf5 14. Ng3 fxe4 15. dxe4 Bg4 16. Qd2 Bxf3 17. Bxf3 Nd4 18. Bg2 b4 19. c3 Ne6 20. f5 Nc7 21. cxb4 axb4 22. Rbd1 Be5 23. fxg6 Nxg6 24. Nf5 Rb6 25. Rf2 Ne6 26. Qd5 Rf6 27. Bg5 Qf8 28. Bxf6 Nf4 29. Rxf4 Bxf4 30. Qxe6+ Qf7 31. Ne7+ Kf8 32. Qc8+ Qe8 33. Qxe8+ Kxe8 34. Nd5 1-0


[Site "https://www.chess.com"]

[Event "Titled Tuesday Blitz February 07 Early 2023"]
[White "Vargas, Mauricio"]
[Black "Ansh M Shah"]
[WhiteFideId "4404572"]
[BlackFideId "25033379"]
[WhiteElo "2035"]
[BlackElo "2171"]
[Result "0-1"]
[Round "02"]
[TimeControl "180+2"]
[Date "2023.02.07"]
[WhiteClock "0:00:02"]
[BlackClock "0:00:34"]

1. e4 c6 2. d3 d5 3. Nc3 e6 4. f4 Nf6 5. e5 Nfd7 6. Nf3 c5 7. g3 Nc6 8. Bg2 Be7 9. O-O O-O 10. Ne2 a6 11. c3 b5 12. Qe1 b4 13. Bd2 a5 14. h3 Ba6 15. Nc1 Rb8 16. g4 a4 17. Kh2 a3 18. b3 bxc3 19. Bxc3 Nb4 20. Qd2 c4 21. dxc4 dxc4 22. Nd4 cxb3 23. Ncxb3 Bxf1 24. Rxf1 Qb6 25. Qe3 Nc5 26. Qg3 Nxb3 27. Nxb3 Nxa2 28. Rb1 Nxc3 29. Nd2 Nxb1 0-1


[Site "https://www.chess.com"]

[Event "Titled Tuesday Blitz February 07 Early 2023"]
[White "Mohammadian, Mohammad"]
[Black "Buchenau, Frank"]
[WhiteFideId "12566055"]
[BlackFideId "4604350"]
[WhiteElo "1398"]
[BlackElo "2222"]
[Result "0-1"]
[Round "02"]
[TimeControl "180+2"]
[Date "2023.02.07"]
[WhiteClock "0:00:25"]
[BlackClock "0:00:50"]

1. e4 e6 2. d4 d5 3. Nd2 c5 4. Ne2 Nc6 5. c3 cxd4 6. cxd4 Nb4 7. Ng3 dxe4 8. Ndxe4 Qxd4 9. Qxd4 Nc2+ 10. Kd1 Nxd4 11. Bd3 Be7 12. Be3 Nc6 13. Ke2 Nf6 14. h3 Nd5 15. Bd2 O-O 16. Rhd1 Ne5 17. Bc2 b6 18. Rac1 Ba6+ 19. Ke1 Rac8 20. Nc3 Nb4 21. a3 Nbd3+ 22. Bxd3 Nxd3+ 23. Kf1 Nxc1+ 24. Kg1 Rfd8 25. Rxc1 Rxd2 26. Nge4 Rxb2 27. Rd1 f5 28. Rd7 fxe4 29. Rxe7 Rxc3 30. Rxa7 Rc1+ 31. Kh2 Bf1 32. Ra8+ Kf7 33. Ra7+ Kf6 34. Ra4 Rxf2 35. Kg3 Rxg2+ 36. Kh4 Rc3 37. Rxe4 g5+ 38. Kh5 Rxh3+ 39. Rh4 Rxh4# 0-1


[Site "https://www.chess.com"]